 Dungeon Crawl Stone Soup version 0.28-a0-1374-ga75cb3825e (webtiles) character file.

Game seed: 16327458361882139263

4605 Crownlay the Cleaver (level 10, -4/88 HPs)
             Began as a Minotaur Gladiator on Dec 31, 2021.
             Was an Initiate of Gozag.
             Slain by a two-headed ogre (11 damage)
             ... on level 8 of the Dungeon.
             The game lasted 00:21:19 (8364 turns).

Crownlay the Cleaver (Minotaur Gladiator)           Turns: 8364, Time: 00:21:19

Health: -4/88      AC: 17    Str: 22    XL:     10   Next: 19%
Magic:  9/9        EV:  7    Int:  5    God:    Gozag
Gold:   2446       SH:  5    Dex: 13    Spells: 9/9 levels left

rFire   + . .      SeeInvis .   L - +6 war axe "Kojaic" {drain, rF+ rCorr}
rCold   . . .      Faith    .   I - orb {mayhem}
rNeg    + . .      Spirit   .   f - +0 plate armour
rPois   .          Reflect  +   i - +2 hat
rElec   .          Harm     .   h - +1 cloak
rCorr   +          Rampage  .   b - +0 pair of gloves
Will    .....                   (no boots)
Stlth   ..........              y - amulet of reflection
HPRegen 0.24/turn               j - ring of positive energy
MPRegen 0.11/turn               (no ring)

@: hasted, very quick
A: horns 2, retaliatory headbutt
a: Renounce Religion, Potion Petition, Call Merchant, Bribe Branch


You were on level 8 of the Dungeon.
You worshipped Gozag.
Gozag was most pleased with you.
You visited 1 branch of the dungeon, and saw 8 of its levels.
You also visited: Sewer and Bailey.

You collected 2462 gold pieces.
You paid 16 gold pieces to Gozag.

Inventory:

Hand Weapons
 F - a +4 shortbow
 L - the +6 war axe "Kojaic" (weapon) {drain, rF+ rCorr}
   (You found it on level 8 of the Dungeon)

   A truly terrible weapon, it drains the life of any living foe it strikes.
   rF:        It protects you from fire.
   rCorr:     It protects you from acid and corrosion.
Missiles
 d - 3 throwing nets
 p - 14 boomerangs (quivered)
 K - 9 javelins
Armour
 b - a +0 pair of gloves (worn)
 f - a +0 plate armour (worn)
 h - a +1 cloak (worn)
 i - a +2 hat (worn)
 I - an orb of mayhem (worn)
Jewellery
 j - a ring of positive energy (left hand)
 y - an amulet of reflection (around neck)
 B - a ring of fire
Wands
 a - a wand of paralysis (10)
 t - a wand of polymorph (20)
 G - a wand of digging (2)
Scrolls
 e - a scroll of enchant weapon {unknown}
 g - 4 scrolls of noise
 l - 2 scrolls of teleportation
 n - 5 scrolls of fog
 o - a scroll of fear
 u - a scroll of vulnerability {unknown}
 v - 2 scrolls of blinking {unknown}
 w - a scroll of immolation {unknown}
 x - a scroll of amnesia {unknown}
 C - a scroll of magic mapping
 H - 2 scrolls of identify
Potions
 c - 3 potions of curing
 k - a potion of attraction {unknown}
 m - a potion of berserk rage
 q - a potion of invisibility {unknown}
 r - 5 potions of heal wounds {unknown}
 A - a potion of degeneration {unknown}
 E - a potion of mutation {unknown}
 J - a potion of flight {unknown}


   Skills:
 * Level 7.9 Fighting
 - Level 14.0 Axes
 - Level 5.0 Throwing
 + Level 5.3 Armour
 - Level 3.2 Dodging
 + Level 3.3 Shields


You had 9 spell levels left.
You didn't know any spells.
Your spell library contained the following spells:

 Spells                   Type           Power      Damage    Failure   Level
 Animate Skeleton         Necr           0%         N/A       100%        1
 Pain                     Necr           0%         1d4       100%        1
 Dazzling Flash           Conj/Hex       0%         N/A       100%        3
 Gell's Gravitas          Tloc           0%         N/A       100%        3
 Lesser Beckoning         Tloc           0%         N/A       100%        3
 Teleport Other           Tloc           0%         N/A       100%        3
 Vampiric Draining        Necr           0%         2d6       100%        3
 Airstrike                Air            0%         N/A       100%        4
 Summon Lightning Spire   Summ/Air       0%         N/A       100%        4
 Agony                    Necr           0%         N/A       100%        5
 Lightning Bolt           Conj/Air       0%         1d11      100%        5
 Silence                  Hex/Air        0%         N/A       100%        5


Dungeon Overview and Level Annotations

Branches:
Dungeon (8/15)             Temple (0/1) D:7           Sewer (visited)
 Bailey (visited)
   Lair: D:8-11

Altars:
Gozag
Kikubaaqudgha
Uskayaw

Shops:
D:3 :


Innate Abilities, Weirdness & Mutations

You have a pair of horns on your head.
You reflexively headbutt those who attack you in melee.


Message History

L - the +6 war axe "Kojaic" (weapon)
{drain, rF+ rCorr} Drop what? 38/52 slots (_ for help) (? for menu, Esc to quit)
You drop a +2 vorpal war axe.
You drop the +4 hand axe of Ytieses {protect, rElec rN+}.
You now have 2420 gold pieces (gained 14).
You now have 2430 gold pieces (gained 10).
You now have 2446 gold pieces (gained 16).
Found a stone staircase leading up.
Found 15 bolts.
Found a chain mail.
There is a stone staircase leading up here.
H - 2 scrolls of identify (gained 1)
Found a book of Storms.
Found a robe.
You see here a +0 robe.
A two-headed ogre comes into view. It is wielding two +0 giant clubs.
The two-headed ogre shouts in stereo!
The two-headed ogre moves out of view.
No target in view!
A two-headed ogre is nearby!
The two-headed ogre hits you with a +0 giant club!
The two-headed ogre hits you with a +0 giant club!!
You hit the two-headed ogre.
You headbutt the two-headed ogre, but do no damage.
The two-headed ogre is lightly wounded.
You slash the two-headed ogre! You headbutt the two-headed ogre.
The two-headed ogre is heavily wounded.
The two-headed ogre hits you with a +0 giant club!! x2
* * * LOW HITPOINT WARNING * * *
You are too injured to fight recklessly!
You are too injured to fight recklessly!
You are too injured to fight recklessly!
You are too injured to fight recklessly!
Okay, then.
You see here a +0 robe.
You feel yourself speed up.
The two-headed ogre hits you but does no damage.
The two-headed ogre hits you with a +0 giant club!
You die...
Your body crumbles into a pile of gold.

.... .............##....
#.... ............####...
#.... ##..........####...
.....
###..........###....#
#..###....##..............
#.........###...##....##..
#......#.## #..####.####..
#....##.O.###.## #..##>.#
#......##@....# ##.#.###
........# ####.## ##.##
######..# ### #..## #.#.
##..## #### #.#.# #####


You could see a two-headed ogre.

Vanquished Creatures
  An orc warlord (Bailey)
  An orc knight (Bailey)
  4 yaks (D:8)
  A water moccasin (D:6)
  Pargi (Sewer)
  4 orc warriors
  2 necrophages
  2 ogres
  A centaur (D:7)
  2 bullfrogs
  2 scorpions
  A water moccasin zombie (D:6)
  9 killer bees
  4 wights (D:7)
  3 howler monkeys
  A centaur zombie (D:5)
  A centaur skeleton (D:5)
  Crazy Yiuf (D:5)
  A gnoll shaman (D:4)
  An iguana (D:5)
  An orc wizard (D:3)
  A scorpion zombie (D:5)
  A killer bee zombie (D:7)
  A hound skeleton (D:3)
  5 gnolls (D:4)
  3 adders
  A river rat (D:4)
  A white imp (D:8)
  2 ufetubi
  3 worms
  3 dart slugs
  21 orcs
  6 ball pythons
  11 endoplasms
  6 giant cockroaches
  15 goblins
  12 hobgoblins
  6 jackals
  2 quokkas (D:4)
  7 bats
  3 frilled lizards
  11 kobolds
  8 rats
173 creatures vanquished.

Vanquished Creatures (collateral kills)
  2 yaks (D:8)
2 creatures vanquished.

Grand Total: 175 creatures vanquished

Notes
Turn   | Place    | Note
-------+----------+-------------------------------------------
     0 | D:1      | Crownlay the Minotaur Gladiator began the quest for the
                  | Orb.
     0 | D:1      | Reached XP level 1. HP: 18/18 MP: 0/0
    87 | D:1      | Reached skill level 4 in Axes
   131 | D:1      | Reached XP level 2. HP: 25/25 MP: 1/1
   176 | D:1      | Found a faded altar of an unknown god.
   460 | D:1      | Reached skill level 5 in Axes
   675 | D:1      | Reached XP level 3. HP: 30/30 MP: 2/2
  1525 | D:2      | Reached XP level 4. HP: 36/37 MP: 3/3
  1911 | D:3      | Reached skill level 6 in Axes
  2010 | D:3      | Found Tyfaeg's Book Emporium.
  2016 | D:3      | Reached XP level 5. HP: 45/45 MP: 4/4
  2113 | D:3      | Found an opulent altar of Gozag.
  2117 | D:3      | Became a worshipper of Gozag Ym Sagoz the Greedy
  3002 | D:4      | Found a glowing drain.
  3014 | Sewer    | Entered a sewer
  3070 | Sewer    | Noticed Pargi
  3097 | Sewer    | Killed Pargi
  3098 | Sewer    | Reached skill level 7 in Axes
  3098 | Sewer    | Reached XP level 6. HP: 14/52 MP: 5/5
  3878 | D:5      | Entered Level 5 of the Dungeon
  3878 | D:5      | Found an ancient bone altar of Kikubaaqudgha.
  4073 | D:5      | Reached skill level 1 in Armour
  4216 | D:5      | Reached XP level 7. HP: 58/59 MP: 6/6
  4282 | D:5      | Identified the +4 hand axe of Ytieses {protect, rElec rN+}
  4332 | D:5      | Reached skill level 8 in Axes
  4527 | D:5      | Found a runed translucent door.
  4528 | D:5      | Noticed Crazy Yiuf
  4535 | D:5      | Killed Crazy Yiuf
  4925 | D:6      | Reached skill level 5 in Fighting
  4969 | D:6      | Reached skill level 9 in Axes
  4969 | D:6      | Reached XP level 8. HP: 56/68 MP: 7/7
  5386 | D:6      | You fall into a shaft and drop 1 floor!
  5386 | D:7      | Found a hide-covered altar of Uskayaw.
  5453 | D:7      | Found a flagged portal.
  5476 | D:7      | Reached skill level 5 in Throwing
  5483 | D:7      | Reached skill level 10 in Axes
  5574 | Bailey   | Entered a bailey
  5579 | Bailey   | Noticed an orc warlord
  5756 | Bailey   | Found a runed translucent gate.
  5771 | Bailey   | Found a runed translucent gate.
  5773 | Bailey   | Found a runed translucent gate.
  5780 | Bailey   | Noticed an orc knight
  5817 | Bailey   | Killed an orc knight
  5818 | Bailey   | Reached skill level 11 in Axes
  5818 | Bailey   | Reached XP level 9. HP: 63/75 MP: 8/8
  6195 | Bailey   | Killed an orc warlord
  6196 | Bailey   | Reached skill level 13 in Axes
  6567 | Bailey   | Acquired 1306 gold pieces
  6883 | D:7      | Reached skill level 14 in Axes
  6954 | D:7      | Reached skill level 1 in Shields
  7045 | D:7      | Found a staircase to the Ecumenical Temple.
  7666 | D:8      | Reached XP level 10. HP: 81/86 MP: 9/9
  7667 | D:8      | Reached skill level 5 in Armour
  8011 | D:8      | Identified the +6 war axe "Kojaic" {drain, rF+ rCorr}
  8352 | D:8      | Noticed a two-headed ogre
  8364 | D:8      | Slain by a two-headed ogre

Illustrated notes

Levels and vault maps discovered:
D:1:      shiori_arrival_oz, layout_basic, ebering_ecumenical_altar_mist,
          amcnicky_mini_corridor_feature
D:2:      layout_loops_ring
D:3:      layout_loops_ring, mainiacjoe_overflow_24_doors, serial_shops, shop,
          nrook_loot_triangle, minmay_misc_feat_tiny
D:4:      layout_basic, gup_sewer_entry_bubbles, palyth_stone_intersect
D:5:      layout_basic, mainiacjoe_overflow_cross_hatched, chequers_jeans,
          uniq_crazy_yiuf_cottage
D:6:      layout_basic
D:7:      layout_basic, mainiacjoe_overflow_six_doors_small,
          minmay_temple_entry_antechambers, enter_bailey_5
D:8:      layout_layer_cave, mainiacjoe_overflow_alcove_1,
          amcnicky_mini_pool_small

Skill      XL: |  1  2  3  4  5  6  7  8  9 10 |
---------------+-------------------------------+-----
Axes           | 4 5 6 7 9 11 14 | 14.0
Fighting       | 3 4 5 6 7 |  7.9
Throwing       | 3 4 5 |  5.0
Armour         | 1 3 4 5 |  5.3
Shields        | 2 3 |  3.3
Dodging        | |  3.2

Action                   |  1- 3 |  4- 6 |  7- 9 | 10-12 || total
-------------------------+-------+-------+-------+-------++-------
Melee: War axe           |    80 |   143 |       |     2 ||   225
       Headbutt          |    10 |    19 |    51 |     9 ||    89
       Hand axe          |       |       |   227 |    29 ||   256
Throw: Throwing net      |       |     3 |       |       ||     3
       Boomerang         |       |       |     2 |       ||     2
  Use: Scroll            |       |     3 |     6 |       ||     9
       Potion            |       |       |     1 |     1 ||     2
 Stab: Distracted        |       |     1 |       |       ||     1
Armor: Plate armour      |    53 |   134 |   108 |    10 ||   305
Dodge: Dodged            |    34 |    57 |    62 |     5 ||   158
Block: Other             |       |       |    38 |       ||    38
       Reflection        |       |       |     2 |     1 ||     3
       Orb               |       |       |     8 |     3 ||    11

Table legend: (Time is in decaauts)
 A = Elapsed time spent in this place.
 B = Non-inter-level travel time spent in this place.
 C = Inter-level travel time spent in this place.
 D = Time resting spent in this place.
 E = Time spent auto-exploring this place.
 F = Levels seen in this place.
 G = Mean time per level.
                   A        B        C        D        E       F      G
               +--------+--------+--------+--------+--------+-----+--------+
         Total |   8402 |   8020 |    382 |    343 |   6007 |  10 |  840.2 |
       Dungeon |   7026 |   6644 |    382 |      0 |   5393 |   8 |  878.2 |
         Sewer |    370 |    370 |      0 |      0 |    299 |   1 |  370.0 |
        Bailey |   1004 |   1004 |      0 |    343 |    314 |   1 | 1004.0 |
               +--------+--------+--------+--------+--------+-----+--------+

Top non-repeatable levels by time:
     D:8: 1152 daAuts
     D:2: 1077 daAuts
  Bailey: 1004 daAuts
     D:5: 977 daAuts
     D:4: 881 daAuts
     D:1: 839 daAuts
     D:3: 790 daAuts
     D:7: 785 daAuts
     D:6: 523 daAuts
   Sewer: 370 daAuts
